 Dungeon Crawl Stone Soup version 0.27.1-1-g398f81649c (webtiles) character file.

Game seed: 2992364745992098513

0 Descartes the Sneak (level 1, 0/10 HPs)
             Began as a Felid Delver on Sept 18, 2021.
             Slain by a hound (1 damage)
             ... on level 4 of the Dungeon.
             The game lasted 00:00:21 (28 turns).

Descartes the Sneak (Felid Delver)                    Turns: 28, Time: 00:00:21

Health: 0/10       AC:  1    Str:  8    XL:     1   Next: 0%
Magic:  2/2        EV: 17    Int: 11    God:
Gold:   0          SH:  0    Dex: 17    Spells: 0/0 levels left
                                        Lives:  0   Deaths: 0

rFire    . . .     SeeInvis +     - Unarmed
rCold    . . .     Faith    .   (shield unavailable)
rNeg     . . .     Spirit   .   (armour unavailable)
rPois    .         Reflect  .   (helmet unavailable)
rElec    .         Harm     .   (cloak unavailable)
rCorr    .         Rampage  .   (gloves unavailable)
Will     .....                  (boots unavailable)
Stlth    +++.......             (no amulet)
HPRegen  0.03/turn              (no ring)
MPRegen  0.08/turn              (no ring)

@: quick
A: very small, claws 1, fangs 3, see invisible, speed 1, shaggy fur 1, stealthy
paws, no weapons or thrown items, no armour, multi-lived
a: no special abilities


You were on level 4 of the Dungeon.
You visited 1 branch of the dungeon, and saw 2 of its levels.

Inventory:

Wands
 e - a wand of digging (3)
Scrolls
 a - a scroll of fog
 b - a scroll of magic mapping
 c - a scroll of fear
Potions
 d - a potion of haste


   Skills:
 - Level 3.0 Fighting
 - Level 2.6 Dodging
 + Level 6.6 Stealth
 - Level 2.0 Unarmed Combat


You couldn't memorise any spells.
You didn't know any spells.
Your spell library was empty.

Dungeon Overview and Level Annotations

Branches:
Dungeon (5/15)
 Temple: D:4-7

Altars:

Shops:
D:5 ![


Innate Abilities, Weirdness & Mutations

You have sharp claws.
You have razor-sharp teeth.
You have supernaturally acute eyesight. (SInv)
You cover ground quickly. (Speed+)
You are covered in fur. (AC +1)
Your paws help you pounce on unaware monsters.
You are incapable of wielding weapons or throwing items.
You cannot wear armour.
You gain extra lives every three experience levels.


Message History

Found a scroll of fog.
The hound barks!
Found Jehohyil's Distillery.
The water moccasin skeleton misses you.
Found 6 gold pieces.
You see here 6 gold pieces.
There is a stone staircase leading up here.
The hound bites you but does no damage. The hound barely misses you.
There is a stone staircase leading up here.
The hound barely misses you.
You climb upwards.
The orc shouts! x2; You hear a shout! x2; The ball python hisses angrily.
There is a stone staircase leading down here.
An orc comes into view. It is wielding a +0 club.
An orc comes into view. It is wielding a +0 hand axe.
The hound bites you but does no damage.
You scratch the dart slug but do no damage.
You bite the dart slug.
The dart slug is lightly wounded.
The hound bites you.
Ouch! That really hurt!
You scratch the dart slug.
The dart slug is heavily wounded.
The hound completely misses you. The dart slug closely misses you.
The hound barely misses you.
You scratch the dart slug.
The dart slug is severely wounded.
The hound closely misses you. The dart slug launches a dart at you.
The slug dart misses you.
You scratch the dart slug.
The dart slug is almost dead.
The hound misses you. The hound bites you.
* * * LOW HITPOINT WARNING * * *
The dart slug launches a dart at you. The slug dart misses you.
You scratch the dart slug.
You kill the dart slug!
The hound bites you.
You die...

### #.#.# ..
#.#.####..
#.#......
#.#......
#.#...# #@S...#
#####h#...#
#...ooo...###...
#.###.#.>.......
.....o..........
#.###.#.#######.
.....# ###.#.#
#.#.#


You could see a hound, 4 orcs and a ball python.

Vanquished Creatures
  A dart slug (D:4)
1 creature vanquished.

Notes
Turn   | Place    | Note
-------+----------+-------------------------------------------
     0 | D:5      | Descartes the Felid Delver began the quest for the Orb.
     0 | D:5      | Reached XP level 1. HP: 10/10 MP: 2/2
     5 | D:5      | Noticed a hound
     7 | D:5      | Found Jehohyil's Distillery.
    28 | D:4      | Slain by a hound

Illustrated notes

Levels and vault maps discovered:
D:4:      layout_basic
D:5:      layout_basic, serial_shops, shop_statue, shop_statue,
          nicolae_shop_competitors_out_of_business, bh_walls_and_bars

Action                   || total
-------------------------++-------
Melee: Unarmed           ||     5
       Bite              ||     1
Armor: Skin              ||     2
Dodge: Dodged            ||    10
